 Dungeon Crawl Stone Soup version 0.31-a0-435-g2c6fae2916 (webtiles) character file.

Game seed: 3272653259095181134

5329 pokeman the Thaumaturge (level 10, -2/59 HPs)
             Began as a Deep Elf Hedge Wizard on Aug 1, 2023.
             Was a Follower of Vehumet.
             Slain by a wolf spider zombie (5 damage)
             ... on level 8 of the Dungeon.
             The game lasted 00:18:40 (8303 turns).

pokeman the Thaumaturge (Deep Elf Hedge Wizard)     Turns: 8303, Time: 00:18:41

Health: -2/59      AC:  7    Str:  7    XL:     10   Next: 38%
Magic:  28/30      EV: 18    Int: 34    God:    Vehumet [*.....]
Gold:   359        SH:  0    Dex: 14    Spells: 29/37 levels left

rFire   . . .        k - +8 trident "Gyotaq" {protect, rElec rN+ Int+4}
rCold   . . .        (no shield)
rNeg    + . .        C - +2 robe {Will+}
rPois   .            c - +0 hat
rElec   +            (no cloak)
rCorr   .            B - +0 pair of gloves
SInv    .            x - +1 pair of boots
Will    ++...        (no amulet)
Stlth   ++           A - +5 ring of evasion
HPRegen 0.29/turn    w - +6 ring of intelligence
MPRegen 0.22/turn

%: no passive effects
@: no status effects
A: no striking features
a: Renounce Religion


You were on level 8 of the Dungeon.
You worshipped Vehumet.
Vehumet was aware of your devotion.
You visited 2 branches of the dungeon, and saw 9 of its levels.

You collected 359 gold pieces.

Inventory:

Hand Weapons
 k - the +8 trident "Gyotaq" (weapon) {protect, rElec rN+ Int+4}
   (You found it on level 2 of the Dungeon)

   Int:       It affects your intelligence (+4).
   rElec:     It insulates you from electricity.
   rN:        It protects you from negative energy.
 D - a +0 demon whip of venom
Missiles
 b - a curare-tipped dart
Armour
 c - a +0 hat (worn)
 x - a +1 pair of boots (worn)
 B - a +0 pair of gloves (worn)
 C - a +2 robe of willpower (worn)
Jewellery
 j - a +6 ring of dexterity
 p - a ring of ice
 w - a +6 ring of intelligence (right hand)
 A - a +5 ring of evasion (left hand)
Wands
 o - a wand of flame (38)
Scrolls
 a - 3 scrolls of fear {unknown}
 f - 2 scrolls of fog {unknown}
 g - 12 scrolls of identify {unknown}
 h - 3 scrolls of teleportation {unknown}
 l - a scroll of poison {unknown}
 n - a scroll of immolation {unknown}
 q - 2 scrolls of brand weapon {unknown}
 s - 2 scrolls of enchant armour {unknown}
 t - a scroll of vulnerability {unknown}
 v - a scroll of amnesia {unknown}
 y - a scroll of silence {unknown}
 z - a scroll of acquirement {unknown}
Potions
 d - a potion of magic
 e - 2 potions of degeneration {unknown}
 i - 3 potions of curing {unknown}
 m - a potion of brilliance {unknown}
 r - a potion of attraction {unknown}
 u - 3 potions of mutation {unknown}


   Skills:
 - Level 5.1 Fighting
 + Level 3.0 Armour
 - Level 3.0 Dodging
 - Level 3.1 Stealth
 * Level 14.4 Spellcasting
 + Level 8.4 Conjurations
 - Level 1.1 Summonings
 - Level 1.1 Translocations
 - Level 1.0 Air Magic
 - Level 1.0 Poison Magic
 - Level 1.1 Evocations


You had 29 spell levels left.
You knew the following spells:

 Your Spells              Type           Power      Damage    Failure   Level
a - Magic Dart            Conj           100%       1d8       1%          1
b - Mephitic Cloud        Conj/Pois/Air  48%        N/A       1%          3
c - Call Imp              Summ           64%        N/A       1%          2
d - Blink                 Tloc           64%        N/A       1%          2

Your spell library contained the following spells:

 Spells                   Type           Power      Damage    Failure   Level
 Shock                    Conj/Air       100%       1d9       1%          1
 Slow                     Hex            96%        N/A       1%          1
 Cigotuvi's Dreadful Rot  Necr/Pois/Air  58%        N/A       1%          2
 Call Canine Familiar     Summ           32%        N/A       3%          3
 Gell's Gravitas          Tloc           32%        N/A       3%          3
 Teleport Other           Tloc           32%        N/A       3%          3
 Ozocubu's Armour         Ice            24%        N/A       4%          3
 Portal Projectile        Hex/Tloc       56%        N/A       4%          3
 Manifold Assault         Tloc           32%        N/A       11%         4
 Leda's Liquefaction      Hex/Erth       12%        N/A       17%         4
 Metabolic Englaciation   Hex/Ice        12%        N/A       43%         5
 Dispersal                Tloc           16%        N/A       86%         6
 Simulacrum               Ice/Necr       12%        N/A       95%         6
 Disjunction              Tloc           16%        N/A       100%        8


Dungeon Overview and Level Annotations

Branches:
Dungeon (8/15)             Temple (1/1) D:7
   Lair: D:8-11

Altars:
Ashenzari
Dithmenos
Elyvilon
Fedhas
Gozag
Hepliaklqana
Kikubaaqudgha
Makhleb
Nemelex Xobeh
Okawaru
Qazlal
Ru
Sif Muna
Trog
Uskayaw
Vehumet
Wu Jian
Xom
Yredelemnul
Zin

Shops:
D:1 :   D:5 *   D:7 *

Annotations:
D:1 Gold behind fire
D:3 Loot behind rock


Message History

The wolf spider zombie barely misses you.
The wolf spider zombie hits you! The wolf spider zombie bites you.
Reach: k) +8 trident "Gyotaq" {protect, rElec rN+ Int+4}
Press: ? - help, Dir - move target, f/p - wolf spider zombie
Aim: a wolf spider zombie (heavily damaged, about 17% to evade the +8 trident "Gyotaq")
You puncture the wolf spider zombie!
The wolf spider zombie is severely damaged.
The wolf spider zombie hits you. The wolf spider zombie misses you.
Reach: k) +8 trident "Gyotaq" {protect, rElec rN+ Int+4}
Press: ? - help, Dir - move target, f/p - wolf spider zombie
Aim: a wolf spider zombie (severely damaged, about 17% to evade the +8 trident "Gyotaq")
You puncture the wolf spider zombie!
The wolf spider zombie is severely damaged.
The wolf spider zombie hits you but does no damage.
The wolf spider zombie completely misses you.
The wolf spider zombie hits you but does no damage.
The wolf spider zombie bites you but does no damage.
Casting: Call Imp (safe; 1% risk of failure)
Confirm with . or Enter, or press ? or * to list all spells.
You blink.
Unknown command.
The wolf spider zombie hits you!
The wolf spider zombie bites you but does no damage.
The wolf spider zombie closely misses you.
The wolf spider zombie bites you but does no damage.
You feel stable enough to blink again. The wolf spider zombie hits you!
* * * LOW HITPOINT WARNING * * *
The wolf spider zombie misses you.
There is a stone staircase leading up, spattered with blood here.
The wolf spider zombie hits you.
* * * LOW HITPOINT WARNING * * *
The wolf spider zombie bites you.
* * * LOW HITPOINT WARNING * * *
Things that are here:
2 stones; a +0 dagger The wolf spider zombie hits you!
* * * LOW HITPOINT WARNING * * *
The wolf spider zombie bites you.
You die...

### ##.## ..## !..# #...
... #. ###..## ... #..
....( ##.# #.# #..# ..#
..# #..######.######
#.#######.......><......
#.#.).<@Z<.######.######
#.#)#####4.# #.#
###....## #..# ###.#
#...#...###..# ....
#.#....5....... ..#
#.....Z....(.##.# #.#
##.#.#.####.## # #.###
#.##..# #... #.[.# #>
##.####### ###)#


You could see a hellwing and a wolf spider zombie.

Vanquished Creatures
  Amaemon (D:8)
  Pikel (D:6)
  A centaur zombie (D:8)
  Joseph (D:8)
  An orange demon (D:8)
  A centaur skeleton (D:8)
  A troll (D:7)
  A meliai zombie (D:8)
  A steam dragon (D:7)
  A water moccasin (D:7)
  A sky beast (D:7)
  An ice beast (D:6)
  3 ogres
  2 centaurs
  3 lemures (D:6)
  2 phantoms (D:5)
  2 kobold brigands
  A bullfrog (D:6)
  7 scorpions
  3 wights (D:6)
  4 hounds
  A gnoll bouda (D:8)
  Jessica (D:2)
  A sleepcap (D:7)
  10 iguanas
  5 orc wizards
  4 gnolls
  2 adders (D:6)
  2 shadow imps
  A white imp (D:7)
  An ufetubus (D:6)
  2 worms (D:5)
  3 dart slugs (D:1)
  24 orcs
  5 ball pythons
  4 bats
  6 endoplasms
  A giant cockroach (D:2)
  8 goblins
  4 hobgoblins
  8 jackals (D:2)
  23 kobolds
  5 quokkas
  5 frilled lizards
  2 rats (D:1)
167 creatures vanquished.

Vanquished Creatures (collateral kills)
  A water moccasin (D:6)
  An ice beast (D:5)
  2 shadow imps (D:8)
4 creatures vanquished.

Grand Total: 171 creatures vanquished

Notes
Turn   | Place    | Note
-------+----------+-------------------------------------------
     0 | D:1      | pokeman the Deep Elf Hedge Wizard began the quest for the
                  | Orb.
     0 | D:1      | Reached XP level 1. HP: 10/10 MP: 7/7
   335 | D:1      | Reached XP level 2. HP: 16/16 MP: 5/9
   812 | D:1      | Reached skill level 5 in Spellcasting
   929 | D:1      | Found Leunof's Book Emporium.
   995 | D:1      | Reached XP level 3. HP: 20/20 MP: 7/11
   999 | D:1      | Learned a level 3 spell: Mephitic Cloud
  1002 | D:1      | Learned a level 2 spell: Call Imp
  1005 | D:1      | Learned a level 2 spell: Blink
  1283 | D:2      | Identified the +8 trident "Gyotaq" {protect, rElec rN+
                  | Int+4}
  1435 | D:2      | Found a faded altar of an unknown god.
  1499 | D:2      | Reached skill level 1 in Fighting
  1500 | D:2      | Reached skill level 1 in Armour
  1632 | D:2      | Noticed Jessica
  1635 | D:2      | Killed Jessica
  1636 | D:2      | Reached XP level 4. HP: 22/25 MP: 8/13
  2434 | D:3      | Found a shimmering blue altar of Sif Muna.
  2800 | D:3      | Noticed a scorpion
  3206 | D:4      | Reached skill level 6 in Spellcasting
  3258 | D:4      | Noticed a scorpion
  3269 | D:4      | Killed a scorpion
  3270 | D:4      | Reached XP level 5. HP: 29/29 MP: 10/15
  3331 | D:4      | Found a burning altar of Makhleb.
  3393 | D:4      | Found a bloodstained altar of Trog.
  3421 | D:4      | Reached skill level 1 in Air Magic
  3421 | D:4      | Reached skill level 1 in Poison Magic
  3421 | D:4      | Reached skill level 1 in Evocations
  3566 | D:4      | Reached XP level 6. HP: 34/34 MP: 10/17
  3961 | D:5      | Entered Level 5 of the Dungeon
  4065 | D:5      | Reached skill level 7 in Spellcasting
  4157 | D:5      | Found a large runed translucent door.
  4158 | D:5      | Found a large runed translucent door.
  4185 | D:5      | Reached XP level 7. HP: 10/40 MP: 3/20
  4341 | D:5      | Reached skill level 8 in Spellcasting
  4648 | D:5      | Found Zoyxot's General Store.
  4879 | D:5      | Reached skill level 9 in Spellcasting
  4932 | D:5      | Reached XP level 8. HP: 24/44 MP: 18/23
  5003 | D:5      | Found a stormy altar of Qazlal.
  5006 | D:5      | Found a white marble altar of Elyvilon.
  5131 | D:6      | Reached skill level 5 in Conjurations
  5291 | D:6      | Reached skill level 10 in Spellcasting
  5508 | D:6      | Noticed Pikel
  5536 | D:6      | Killed Pikel
  5537 | D:6      | Reached skill level 11 in Spellcasting
  5541 | D:6      | Reached XP level 9. HP: 42/49 MP: 15/26
  6109 | D:7      | Found an ancient bone altar of Kikubaaqudgha.
  6193 | D:7      | Reached skill level 12 in Spellcasting
  6756 | D:7      | Found a staircase to the Ecumenical Temple.
  6791 | Temple   | Entered the Ecumenical Temple
  6799 | Temple   | Became a worshipper of Vehumet
  6829 | D:7      | Noticed a troll
  6858 | D:7      | Killed a troll
  7051 | D:7      | Found Koeced Ozu's Assorted Antiques.
  7318 | D:8      | Noticed Joseph
  7356 | D:8      | Reached skill level 13 in Spellcasting
  7426 | D:8      | Killed Joseph
  7499 | D:8      | Noticed a hellwing
  7568 | D:8      | Reached XP level 10. HP: 36/58 MP: 27/29
  7643 | D:8      | Noticed an orange demon
  7662 | D:8      | Killed an orange demon
  7671 | D:8      | Reached skill level 14 in Spellcasting
  7722 | D:8      | Noticed Amaemon
  8186 | D:8      | Killed Amaemon
  8187 | D:8      | Reached skill level 5 in Fighting
  8212 | D:8      | Reached * piety under Vehumet
  8212 | D:8      | Offered knowledge of Shock by Vehumet.
  8303 | D:8      | Slain by a wolf spider zombie

Illustrated notes

Levels and vault maps discovered:
D:1:      eino_arrival_druids_welcome, layout_loops_ring, serial_shops, shop,
          hangedman_decor_points, lemuel_flame_loot_1
D:2:      layout_loops_ring, shapermc_ecumenical_altar_pompeii, uniq_jessica
D:3:      layout_loops_ring, old_standard_altar, grunt_decor_junction,
          lightli_corner_chamber
D:4:      layout_rooms, trog_three_pillars_becter, lemuel_crystal_altar,
          serial_bayou_pond_e
D:5:      layout_basic, jmf_multi_god_temple2, serial_shops,
          nicolae_shop_behind_doors
D:6:      layout_rooms, uniq_pikel
D:7:      layout_gridville, mainiacjoe_overflow_chevrons,
          minmay_temple_entry_grid, serial_shops, shop
D:8:      cheibrodos_grave_circle, layout_loops_ring, uniq_amaemon, uniq_joseph,
          uniq_maurice
Temple:   eino_narrow_crystal_temple

Skill      XL: |  1  2  3  4  5  6  7  8  9 10 |
---------------+-------------------------------+-----
Spellcasting   | 5 6 7 9 11 13 14 | 14.4
Fighting       | 1 2 4 5 |  5.1
Armour         | 1 2 3 |  3.0
Conjurations   | 2 3 4 6 7 8 |  8.4
Dodging        | 3 |  3.0
Stealth        | 3 |  3.1
Air Magic      | 1 |  1.0
Poison Magic   | 1 |  1.0
Evocations     | 1 |  1.1
Summonings     | |  1.1
Translocations | |  1.1

Action                     |  1- 3 |  4- 6 |  7- 9 | 10-12 || total
---------------------------+-------+-------+-------+-------++-------
  Melee: Short sword       |    11 |       |       |       ||    11
         Trident           |       |    20 |   156 |    44 ||   220
         Punch             |       |       |     1 |       ||     1
  Throw: Dart              |       |       |       |     1 ||     1
   Cast: Magic Dart        |    85 |   113 |   222 |    14 ||   434
         Call Imp          |     1 |       |     9 |     5 ||    15
         Mephitic Cloud    |       |     4 |    28 |     5 ||    37
         Blink             |       |     1 |     2 |     1 ||     4
   Stab: Sleeping          |     1 |     1 |     1 |       ||     3
         Confused          |       |     3 |    17 |     5 ||    25
 Armour: Robe              |     5 |    10 |    47 |    32 ||    94
  Dodge: Dodged            |    21 |    21 |   134 |    30 ||   206

Table legend: (Time is in decaauts)
 A = Elapsed time spent in this place.
 B = Non-inter-level travel time spent in this place.
 C = Inter-level travel time spent in this place.
 D = Time resting spent in this place.
 E = Time spent auto-exploring this place.
 F = Levels seen in this place.
 G = Mean time per level.
                   A        B        C        D        E       F      G
               +--------+--------+--------+--------+--------+-----+--------+
         Total |   8367 |   8061 |    306 |    501 |   6254 |   9 |  929.7 |
       Dungeon |   8350 |   8058 |    292 |    501 |   6254 |   8 | 1043.8 |
        Temple |     16 |      2 |     14 |      0 |      0 |   1 |   16.0 |
               +--------+--------+--------+--------+--------+-----+--------+

Top non-repeatable levels by time:
     D:7: 1727 daAuts
     D:1: 1215 daAuts
     D:5: 1107 daAuts
     D:6: 1021 daAuts
     D:3: 980 daAuts
     D:2: 967 daAuts
     D:4: 799 daAuts
     D:8: 532 daAuts
  Temple: 16 daAuts
